 Dungeon Crawl Stone Soup version 0.24.0-1-gfbc8707122 (webtiles) character file.

Game seed: 6393990506756338071, levelgen mode: deterministic

53 Esekla the Stinger (level 3, -5/28 HPs)
             Began as a Ghoul Venom Mage on Oct 28, 2019.
             Killed from afar by Natasha (7 damage)
             ... with a magic dart
             ... on level 2 of the Dungeon.
             The game lasted 00:07:14 (1562 turns).

Esekla the Stinger (Ghoul Venom Mage)               Turns: 1562, Time: 00:07:16

Health: -5/28      AC:  3    Str: 11    XL:     3   Next: 89%
Magic:  5/5        EV: 15    Int: 10    God:
Gold:   33         SH:  0    Dex: 10    Spells: 5/6 levels left

rFire    . . .     SeeInvis .   g - +0 long sword
rCold    + . .     Gourm    .   (no shield)
rNeg     + + +     Faith    .   a - +0 robe
rPois    ∞         Spirit   .   (no helmet)
rElec    .         Reflect  .   (no cloak)
rCorr    .         Harm     .   b - +0 pair of gloves
MR       .....                  (no boots)
Stlth    ++........             (no amulet)
HPRegen  0.00/turn              e - +3 ring of evasion
MPRegen  0.09/turn              (no ring)

@: rotting, slowed, very slow
A: rotting body, claws 1, carnivore, cold resistance 1, negative energy
resistance 3, inhibited regeneration, torment resistance, unbreathing
a: no special abilities


You were on level 2 of the Dungeon.
You were not hungry.

You visited 1 branch of the dungeon, and saw 2 of its levels.

You collected 33 gold pieces.

Inventory:

Hand Weapons
 g - a +0 long sword (weapon)
Armour
 a - a +0 robe (worn)
 b - a +0 pair of gloves (worn)
Jewellery
 e - a +3 ring of evasion (left hand)
Scrolls
 d - 4 scrolls of remove curse {unknown}
 f - a scroll of identify {unknown}
 i - a scroll of random uselessness {unknown}
Comestibles
 c - 2 rations


   Skills:
 * Level 1.5 Fighting
 + Level 0.1 Long Blades
 + Level 2.4 Dodging
 + Level 2.7 Stealth
 + Level 1.4 Unarmed Combat
 + Level 2.0 Spellcasting
 - Level 0.7 Conjurations
 - Level 3.0 Poison Magic


You had 5 spell levels left.
You knew the following spells:

 Your Spells              Type           Power        Failure   Level  Hunger
a - Sting                 Conj/Pois      #...         14%         1    ##.....

Your spell library contained the following spells:

 Spells                   Type           Power        Failure   Level  Hunger
 Poisonous Vapours        Pois/Air       #.....       26%         2    ###....
 Mephitic Cloud           Conj/Pois/Air  #.......     50%         3    ####...
 Olgreb's Toxic Radiance  Pois           #.......     65%         4    #####..
 Venom Bolt               Conj/Pois      #.........   99%         5    ######.


Dungeon Overview and Level Annotations

Branches:
Dungeon (2/15)

Altars:
Trog

Annotations:
D:2 Natasha


Innate Abilities, Weirdness & Mutations

Your body is rotting away.
You thrive on raw meat.
You are immune to poison.
You have sharp fingernails.
You are carnivorous and can eat meat at any time.
Your flesh is cold resistant. (rC+)
You are immune to negative energy. (rN+++)
You do not regenerate when monsters are visible.
You are immune to unholy pain and torment.
You can survive without breathing.


Message History

* * * LOW HITPOINT WARNING * * *
The crimson imp shouts, "Get thee gone, thou surly dread-bolted pot-faker!"
The crimson imp hits you.
* * * LOW HITPOINT WARNING * * *
It was a potion of cancellation.
You feel magically purged. Natasha casts a spell at you.
You feel yourself slow down. The crimson imp closely misses you.
You closely miss Natasha.
Natasha is moderately wounded.
Natasha misses you.
The crimson imp hits you but does no damage.
Natasha casts a spell.
The crimson imp blinks!
You slash Natasha!
Natasha is almost dead.
Natasha closely misses you.
The crimson imp lashes its tail.
Natasha casts a spell at you. The magic dart hits you!
You die...

...................##.....#
######.###########.##.######
..(......# #...##.#....#
######.#.# #(####<#.#.##
.......#.# #.#....#$#.#
########.# #.#.##.#.#(# #.#
#.#.##.#.#.# #.#
#.#......#.# #.#
#@####...#.# #.# #h# #...#.#
########.# #5####...#.#
.........# #5#......#.#
########## #.#.######.##
..#.........# ###.#########
###


You could see Natasha, a crimson imp and a white imp.

Vanquished Creatures
  2 adders (D:2)
  An ooze (D:2)
  2 dart slugs (D:1)
  A leopard gecko (D:1)
  4 bats
  A giant cockroach (D:2)
  4 goblins
  A hobgoblin (D:1)
  5 kobolds (D:2)
  2 frilled lizards
  3 rats
26 creatures vanquished.

Notes
Turn   | Place    | Note
-------+----------+-------------------------------------------
     0 | D:1      | Esekla the Ghoul Venom Mage began the quest for the Orb.
     0 | D:1      | Reached XP level 1. HP: 14/14 MP: 2/2
   447 | D:1      | Reached XP level 2. HP: 8/22 MP: 3/3
   467 | D:1      | Reached skill level 1 in Fighting
  1322 | D:2      | Reached skill level 1 in Unarmed Combat
  1322 | D:2      | Reached XP level 3. HP: 15/27 MP: 5/5
  1418 | D:2      | Found a bloodstained altar of Trog.
  1549 | D:2      | Noticed Natasha
  1562 | D:2      | Killed from afar by Natasha

Levels and vault maps discovered:
D:1:      minmay_arrival_up_and_down, layout_basic
D:2:      layout_basic, overflow_temple_1_default, uniq_natasha

Skill      XL: |  1  2 |
---------------+-------+-----
Fighting       | 1 |  1.5
Dodging        | 2 |  2.4
Spellcasting   | 2 |  2.0
Unarmed Combat | 1 |  1.4
Long Blades    | |  0.1
Stealth        | |  2.7
Conjurations   | |  0.7
Poison Magic   | |  3.0

Action                   || total
-------------------------++-------
Melee: Unarmed           ||   110
       Long sword        ||    55
  Use: Potion            ||     1
 Stab: Sleeping          ||     3
  Eat: Chunk             ||     8
Armor: Robe              ||    62
Dodge: Dodged            ||   170
       Rpst.: Long sword ||    24
